AoeStats
← El_Generalísimo

Arabia

508451941Analyzed
1v1 RM · 11d ago on Sep 22, 2026· 30m 54s· 2 players
Game mode
Random Map
Map size
Tiny (2 player)
Population
200
Speed
Normal
Resources
Standard
Victory
Conquest
Starting age
Dark Age
Ending age
Imperial Age
RankedLock teamsTeams togetherTeam positionsShared explorationLock speedFull tech treeHidden civsTurbo modeCheats
Victory
Defeat
🇨🇱 Portuguese · Chile
904
+14
🇪🇸 Britons · Spain
858
-14
El_Generalísimo
7:19 Loom
8:05 Loom
10:13 Feudal Age
14:58 Fletching
15:51 Double-Bit Axe
22:57 Castle Age
23:10 Crossbowman
23:49 Bodkin Arrow
31:09 Ballistics
CuncunaAmarilla
10:40 Feudal Age
9:41 Loom
20:01 Castle Age
21:09 Double-Bit Axe
21:17 Gold Mining
28:43 Fletching
29:58 Bodkin Arrow
Connection lost

Rejoining the realm…

Still unreachable

The connection could not be restored.

Session expired

The server has moved on; the page needs a fresh start.